 Dungeon Crawl Stone Soup version 0.25-a0-292-gaa31f04 (webtiles) character file.

Game seed: 4671523632057893168, levelgen mode: deterministic

2 Firecrotchwizard the Firebug (level 1, 0/10 HPs)
             Began as a Tengu Fire Elementalist on Dec 15, 2019.
             Slain by a rat (1 damage)
             ... on level 1 of the Dungeon.
             The game lasted 00:00:29 (24 turns).

Firecrotchwizard the Firebug (TeFE)                   Turns: 24, Time: 00:00:30

Health: 0/10       AC:  2    Str:  8    XL:     1   Next: 30%
Magic:  2/4        EV: 12    Int: 15    God:
Gold:   0          SH:  0    Dex: 14    Spells: 3/4 levels left

rFire    . . .     SeeInvis .   (no weapon)
rCold    . . .     Gourm    .   (no shield)
rNeg     . . .     Faith    .   a - +0 robe
rPois    .         Spirit   .   (helmet restricted)
rElec    .         Reflect  .   (no cloak)
rCorr    .         Harm     .   (no gloves)
MR       .....                  (boots unavailable)
Stlth    ++........             (no amulet)
HPRegen  0.03/turn              (no ring)
MPRegen  0.09/turn              (no ring)

@: very slightly contaminated
A: beak, talons 3
a: no special abilities


You were on level 1 of the Dungeon.
You were not hungry.

You visited 1 branch of the dungeon, and saw 1 of its levels.

Inventory:

Armour
 a - a +0 robe (worn)
Comestibles
 c - a ration


   Skills:
 + Level 2.2 Dodging
 - Level 2.0 Stealth
 + Level 2.0 Spellcasting
 * Level 1.5 Conjurations
 + Level 3.3 Fire Magic


You had 3 spell levels left.
You knew the following spells:

 Your Spells              Type           Power        Failure   Level  Hunger
a - Foxfire               Conj/Fire      #...         9%          1    #......

Your spell library contained the following spells:

 Spells                   Type           Power        Failure   Level  Hunger
 Conjure Flame            Conj/Fire      #.......     24%         3    ###....
 Inner Flame              Hex/Fire       #.......     34%         3    ###....
 Sticky Flame             Conj/Fire      #.......     63%         4    #####..
 Fireball                 Conj/Fire      #.........   92%         5    ######.


Dungeon Overview and Level Annotations

Branches:
Dungeon (1/15)

Altars:


Innate Abilities, Weirdness & Mutations

You have a beak for a mouth.
You have claws for feet.


Message History

Welcome, Firecrotchwizard the Tengu Fire Elementalist.
Will you be the one to retrieve the legendary Orb of Zot from the depths?
Found a scroll labeled CIFUTOYZIJ, 24 gold pieces and a robe.
Found a staircase leading out of the dungeon. 3 rats come into view.
You miscast Foxfire.
You are very lightly contaminated with residual magic.
You smell something strange.
You now have 3/4 mp.
You miscast Foxfire.
You smell smoke.
You now have 2/4 mp.
You conjure some foxfire!
You now have 1/4 mp.
You conjure some foxfire!
The foxfire hits the rat.
You now have 0/4 mp.
The foxfire hits the rat.
You kill the rat!
The foxfire hits the rat.
A rat comes into view.
You closely miss the rat. The rat bites you but does no damage.
You closely miss the rat. Your kick misses the rat.
The rat bites you but does no damage.
You hit the rat but do no damage. Your kick misses the rat. The rat bites you.
You take 1 damage, and have 9/10 hp.
You hit the rat.
You kill the rat!
You hit the rat but do no damage. The rat bites you.
You take 1 damage, and have 8/10 hp.
You hit the rat. The rat bites you.
You take 3 damage, and have 5/10 hp.
MASSIVE DAMAGE!!
You barely miss the rat. The rat bites you.
You take 1 damage, and have 4/10 hp.
You closely miss the rat. The rat closely misses you.
You closely miss the rat. The rat bites you.
* * * LOW HITPOINT WARNING * * *
You take 2 damage, and have 2/10 hp.
You hit the rat.
You kill the rat!
You hit the rat but do no damage. You claw the rat, but do no damage.
The rat bites you.
* * * LOW HITPOINT WARNING * * *
You take 1 damage, and have 1/10 hp.
You barely miss the rat. Your kick misses the rat.
You peck the rat, but do no damage. The rat bites you.
You die...

.#.. #### #.#.###
... #..... #
$.##...#####.#
#..[.........#
#.?$........
#.........# .
#....#...###
...r..#<..#@....#
....##....r####.#
... #..........#
. #......#####
#......#
..........
......#....#
.......#.#.#.
######.#.#....


You could see a rat.

Vanquished Creatures
  3 rats (D:1)
3 creatures vanquished.

Vanquished Creatures (others)
  3 foxfires (D:1)
3 creatures vanquished.

Grand Total: 6 creatures vanquished

Notes
Turn   | Place    | Note
-------+----------+-------------------------------------------
     0 | D:1      | Firecrotchwizard the Tengu Fire Elementalist began the
                  | quest for the Orb.
     0 | D:1      | Reached XP level 1. HP: 10/10 MP: 4/4
    21 | D:1      | HP: 2/10 [rat (2)]
    24 | D:1      | Slain by a rat

Levels and vault maps discovered:
D:1:      erik_arrival_orb_chamber, layout_basic, minmay_misc_feat_iff

Action                   || total
-------------------------++-------
Melee: Unarmed           ||    12
       Kick              ||     1
       Peck              ||     1
 Cast: Foxfire           ||     2
Armor: Robe              ||     2
Dodge: Dodged            ||     1

Table legend:
 A = Non-vault XP
 B = Vault XP
 C = Vault XP percentage of total XP
 D = Non-vault monster count
 E = Vault monster count
 F = Vault count percentage of total count
                 A         B        C        D         E       F
            +---------+---------+-------+---------+---------+-------
      Total |       0 |       3 | 100.0 |       0 |       3 | 100.0
            +---------+---------+-------+---------+---------+-------
        D:1 |       0 |       3 | 100.0 |       0 |       3 | 100.0
            +---------+---------+-------+---------+---------+-------

Levels and vault maps discovered:
D:1:      erik_arrival_orb_chamber, layout_basic, minmay_misc_feat_iff

Table legend:
 A = Turns spent in this place as a percentage of turns spent in the entire game.
 B = Non-inter-level travel turns spent in this place as a percentage of non-inter-level travel turns spent in the entire game.
 C = Inter-level travel turns spent in this place as a percentage of turns spent in this place.
 D = Turns resting spent in this place as a percentage of non-inter-level travel turns spent in this place.
 E = Turns spent auto-exploring this place as a percentage of non-inter-level travel turns spent in this place.
 F = Non-inter-level travel turns spent in this place divided by the number of levels of this place that you've seen.
                   A       B       C       D       E      F
               +-------+-------+-------+-------+-------+----------------------
         Total | 100.0 | 100.0 |   0.0 |   0.0 |   0.0 |  24.0
       Dungeon | 100.0 | 100.0 |   0.0 |   0.0 |   0.0 |  24.0
               +-------+-------+-------+-------+-------+----------------------

Table legend:
 A = Kills in this place as a percentage of kills in entire the game.
 B = Kills by you in this place as a percentage of kills by you in the entire game.
 C = Kills by friends in this place as a percentage of kills by friends in the entire game.
 D = Other kills in this place as a percentage of other kills in the entire game.
 E = Experience gained in this place as a percentage of experience gained in the entire game.
 F = Experience gained in this place divided by the number of levels of this place that you have seen.
                   A       B       C       D       E      F
               +-------+-------+-------+-------+-------+----------------------
         Total | 100.0 | 100.0 |   N/A |   N/A | 100.0 |   3.0
       Dungeon | 100.0 | 100.0 |   N/A |   N/A | 100.0 |   3.0
               +-------+-------+-------+-------+-------+----------------------
